 Dungeon Crawl Stone Soup version 0.23.1 (webtiles) character file.

Game seed: 8019072936521567944

3489 PentaManta the Slinger (level 10, -9/57 HPs)
             Began as a Halfling Arcane Marksman on Mar 12, 2019.
             Was a Follower of Okawaru.
             Mangled by PeterQ's ghost (14 damage)
             ... on level 7 of the Dungeon.
             The game lasted 00:37:46 (7092 turns).

PentaManta the Slinger (Halfling Arcane Marksman)   Turns: 7092, Time: 00:37:47

Health: -9/57      AC:  5    Str: 14    XL:     10   Next: 27%
Magic:  8/11       EV: 15    Int: 11    God:    Okawaru [*.....]
Gold:   18         SH:  0    Dex: 19    Spells: 7/11 levels left

rFire    . . .     SeeInvis .   a - +1 hunting sling (elec)
rCold    + . .     Gourm    .   (shield restricted)
rNeg     . . .     Faith    .   w - +1 robe {rC+}
rPois    .         Spirit   .   i - +0 helmet
rElec    .         Reflect  .   (no cloak)
rCorr    .         Harm     .   (no gloves)
MR       .....                  C - +0 pair of boots (curse)
Stlth    ++++......             (no amulet)
HPRegen  0.19/turn              I - +3 ring of dexterity
MPRegen  0.12/turn              (no ring)

@: very slightly contaminated
A: small, mutation resistance 1
a: Heroism, Renounce Religion


You were on level 7 of the Dungeon.
You worshipped Okawaru.
Okawaru was aware of your devotion.
You were hungry.

You visited 2 branches of the dungeon, and saw 8 of its levels.
You also visited: Sewer.

You collected 420 gold pieces.
You spent 402 gold pieces at shops.

Inventory:

Hand Weapons
 a - a +1 hunting sling of electrocution (weapon)
 t - a +0 blowgun
 B - a +2 whip of freezing
 E - a +0 dagger of holy wrath
Missiles
 g - 194 stones (quivered)
 r - 6 tomahawks
 u - 44 poisoned needles
 N - 4 tomahawks of returning
Armour
 e - a +2 shield
 i - a +0 helmet (worn)
 w - a +1 robe of cold resistance (worn)
 C - a cursed +0 pair of boots (worn)
Magical Staves
 K - an uncursed staff of cold {unknown}
Jewellery
 I - a +3 ring of dexterity (left hand)
Wands
 d - a wand of random effects (14)
 s - a wand of polymorph (2)
 L - a wand of digging (5)
Scrolls
 b - 7 scrolls of identify
 c - 3 scrolls of magic mapping
 h - 2 scrolls of enchant weapon
 k - 3 scrolls of remove curse
 l - 3 scrolls of fear
 v - a scroll of amnesia
 y - 3 scrolls of blinking
 A - 4 scrolls of teleportation
 G - a scroll of fog
Potions
 j - a potion of heal wounds
 m - a potion of haste
 n - 2 potions of might
 o - 5 potions of curing
 p - a potion of mutation
 q - a potion of agility
 x - a potion of magic
 z - a potion of berserk rage
 F - a potion of cancellation {unknown}
 H - a potion of resistance
 J - a potion of lignification
 M - a potion of brilliance {unknown}
Comestibles
 f - 9 rations


   Skills:
 - Level 0.8 Fighting
 - Level 12.1(14.3) Slings
 + Level 9.4(10.8) Throwing
 - Level 2.1 Dodging
 * Level 6.9 Stealth
 - Level 1.0 Spellcasting
 - Level 2.4 Hexes


You had 7 spell levels left.
You knew the following spells:

 Your Spells              Type           Power        Failure   Level  Hunger
a - Corona                Hex            #......      12%         1    ##.....
b - Confuse               Hex            #.......     36%         3    ####...

Your spell library contained the following spells:

 Spells                   Type           Power        Failure   Level  Hunger
 Confusing Touch          Hex            #.....       12%         1    ##.....
 Slow                     Hex            #.......     19%         2    ###....
 Animate Skeleton         Necr           N/A          32%         1    ##.....
 Apportation              Tloc           #.....       32%         1    ##.....
 Summon Small Mammal      Summ           #...         32%         1    ##.....
 Inner Flame              Hex/Fire       #.......     52%         3    ####...
 Portal Projectile        Hex/Tloc       #.....       52%         3    ####...
 Gell's Gravitas          Tloc           #.........   67%         3    ####...
 Cause Fear               Hex            #.........   77%         4    #####..
 Leda's Liquefaction      Hex/Erth       #.........   89%         4    #####..
 Petrify                  Tmut/Erth      #.......     97%         4    #####..
 Metabolic Englaciation   Hex/Ice        #.........   99%         5    ######.
 Yara's Violent Unravell  Hex/Tmut       #.........   99%         5    ######.


Dungeon Overview and Level Annotations

Branches:
Dungeon (7/15)             Temple (1/1) D:6

Altars:
Ashenzari
Cheibriados
Fedhas
Gozag
Kikubaaqudgha
Makhleb
Nemelex Xobeh
Okawaru
Ru
Sif Muna
Trog
Vehumet
Wu Jian
Xom
Yredelemnul
Zin
The Shining One

Shops:
D:6 ?

Annotations:
D:7 PeterQ's ghost, novice CeMo


Innate Abilities, Weirdness & Mutations

You are small and have problems with some larger weapons.
You are somewhat resistant to further mutation.


Message History

Press: ? - help, Shift-Dir - straight line, f/p - PeterQ's ghost
Aim: PeterQ's ghost (almost destroyed)
The bolt of negative energy hits PeterQ's ghost.
PeterQ's ghost completely resists.
PeterQ's ghost is almost destroyed.
PeterQ's ghost closely misses you.
Evoke which item? (* to show all) (? for menu, Esc to quit)
Aiming: Random Effects
Press: ? - help, Shift-Dir - straight line, f/p - PeterQ's ghost
Aim: PeterQ's ghost (almost destroyed) PeterQ's ghost resists with almost no effort.
PeterQ's ghost misses you.
Evoke which item? (* to show all) (? for menu, Esc to quit)
Aiming: Random Effects
Press: ? - help, Shift-Dir - straight line, f/p - PeterQ's ghost
Aim: PeterQ's ghost (almost destroyed) PeterQ's ghost flickers and vanishes!
Deactivating autopickup; reactivate with Ctrl-A.
Something hits you!
You die...

##.#
####.#..#..#..#..#
#..# #.#
##.#.##.#.## .#
#..# #.#
#.#....#.. # #..#
#.# #.#########
#..# #.# #.#######
#..#
#.#######.......
####
#.............###
#.####.##.......#
#.####.##.@# #####
#......#.#{# #.?.#
#. #..#####...#
#.≈.# ..
#######..# #.#.#
#.≈.##.#
.........# #.#.#
#.≈.#..#
.######.## #.#(#
#.≈.#..# .#### #.#
#.#.# ##(##..#
....###.#
#.#.####((....#
.....##.#
#.#...((......#


There were no monsters in sight!

Vanquished Creatures
  Pikel (D:4)
  Prince Ribbit (D:5)
  A hippogriff (D:7)
  A hungry ghost (D:7)
  A slave (D:4)
  A black bear (D:7)
  2 orc warriors (D:7)
  3 sky beasts
  2 ice beasts (D:6)
  2 ogres
  2 centaurs
  Blork the orc (D:4)
  3 bullfrogs (D:6)
  A gnoll sergeant (D:7)
  A wyvern skeleton (D:6)
  A scorpion (D:4)
  2 wights (D:7)
  2 howler monkeys
  2 crimson imps (D:5)
  An orc priest (D:3)
  2 bullfrog skeletons (D:6)
  2 hounds
  2 iguanas
  Jessica (D:2)
  Ijyb (D:4)
  Terence (D:2)
  A worker ant (D:4)
  6 orc wizards
  A hound zombie (D:6)
  A hound skeleton (D:7)
  Robin (D:3)
  9 adders
  7 river rats (Sewer)
  2 oozes
  6 worms
  2 dart slugs (D:1)
  4 leopard geckos
  20 orcs
  5 bats
  10 giant cockroaches
  6 goblins
  13 hobgoblins
  3 jackals (D:5)
  3 quokkas
  2 ball pythons (Sewer)
  12 frilled lizards
  9 kobolds
  A leopard gecko zombie (D:5)
  A quokka skeleton (D:6)
  16 rats
181 creatures vanquished.

Vanquished Creatures (others)
  An adder (D:4)
1 creature vanquished.

Grand Total: 182 creatures vanquished

Notes
Turn   | Place    | Note
-------+----------+-------------------------------------------
     0 | D:1      | PentaManta the Halfling Arcane Marksman began the quest for
                  | the Orb.
     0 | D:1      | Reached XP level 1. HP: 12/12 MP: 2/2
   136 | D:1      | Reached skill level 1 in Throwing
   136 | D:1      | Reached XP level 2. HP: 18/18 MP: 3/3
   201 | D:1      | Reached skill level 4 in Slings
   205 | D:1      | Reached XP level 3. HP: 22/22 MP: 4/4
   777 | D:2      | Reached XP level 4. HP: 25/27 MP: 5/5
   834 | D:2      | Found a sacrificial altar of Ru.
   877 | D:2      | Found a shimmering altar of Xom.
   968 | D:2      | Noticed Terence
   973 | D:2      | Killed Terence
   973 | D:2      | Reached skill level 5 in Slings
  1031 | D:2      | Noticed Jessica
  1049 | D:2      | Killed Jessica
  1049 | D:2      | Reached XP level 5. HP: 5/32 MP: 6/6
  1678 | D:3      | Reached skill level 6 in Slings
  2010 | D:3      | Reached XP level 6. HP: 37/37 MP: 7/7
  2140 | D:3      | Noticed Robin
  2145 | D:3      | Killed Robin
  2323 | D:3      | Found a faded altar of an unknown god.
  2418 | D:3      | Found a glowing silver altar of Zin.
  2659 | D:4      | Noticed Blork the orc
  2666 | D:4      | Killed Blork the orc
  2666 | D:4      | Reached skill level 7 in Slings
  2805 | D:4      | Found a glowing drain.
  2809 | Sewer    | Entered a sewer
  2996 | Sewer    | Reached XP level 7. HP: 39/42 MP: 8/8
  3491 | D:4      | Noticed Pikel
  3503 | D:4      | Killed Pikel
  3503 | D:4      | Reached skill level 9 in Slings
  3503 | D:4      | Reached XP level 8. HP: 47/47 MP: 9/9
  3693 | D:4      | Noticed Ijyb
  3711 | D:4      | Killed Ijyb
  3781 | D:4      | Reached skill level 10 in Slings
  4024 | D:4      | Found a sparkling altar of Nemelex Xobeh.
  4127 | D:5      | Entered Level 5 of the Dungeon
  4347 | D:5      | Noticed Prince Ribbit
  4649 | D:5      | Killed Prince Ribbit
  4649 | D:5      | Reached skill level 11 in Slings
  4649 | D:5      | Reached XP level 9. HP: 43/52 MP: 10/10
  5218 | D:6      | Found a staircase to the Ecumenical Temple.
  5320 | D:6      | Reached skill level 12 in Slings
  5514 | D:6      | Reached skill level 1 in Stealth
  5900 | D:6      | Found Qiyko's Magic Scroll Shoppe.
  6084 | D:6      | Bought a scroll of brand weapon for 260 gold pieces
  6084 | D:6      | Bought a scroll of blinking for 97 gold pieces
  6084 | D:6      | Bought a scroll of fear for 45 gold pieces
  6126 | Temple   | Entered the Ecumenical Temple
  6297 | Temple   | Became a worshipper of Warmaster Okawaru
  6448 | D:7      | Found a snail-covered altar of Cheibriados.
  6502 | D:7      | Reached XP level 10. HP: 48/57 MP: 11/11
  6528 | D:7      | Reached * piety under Okawaru
  6528 | D:7      | Reached skill level 5 in Stealth
  6966 | D:7      | Found a shimmering altar of Xom.
  7005 | D:7      | Found a runed translucent door.
  7006 | D:7      | Noticed PeterQ's ghost (novice CeMo)
  7054 | D:7      | Learned a level 3 spell: Confuse
  7092 | D:7      | Mangled by PeterQ's ghost

Skill      XL: |  1  2  3  4  5  6  7  8  9 10 |
---------------+-------------------------------+-----
Throwing       | 1 2 3 4 6 7 8 9 |  9.4
Slings         | 4 5 6 7 9 11 12 | 12.1
Stealth        | 4 6 |  6.9
Fighting       | |  0.8
Dodging        | |  2.1
Spellcasting   | |  1.0
Hexes          | |  2.4

Action                   |  1- 3 |  4- 6 |  7- 9 | 10-12 || total
-------------------------+-------+-------+-------+-------++-------
 Fire: Hunting sling     |   107 |   211 |   405 |    81 ||   804
 Cast: Corona            |       |       |     1 |       ||     1
       Confuse           |       |       |       |     1 ||     1
Evoke: Wand              |       |       |       |     7 ||     7
  Use: Scroll            |       |    13 |     6 |     1 ||    20
       Potion            |       |       |       |     1 ||     1
  Eat: Ration            |       |     1 |       |       ||     1
       Chunk             |       |     3 |     9 |     3 ||    15
Armor: Robe              |     5 |     3 |    18 |     5 ||    31
Dodge: Dodged            |    16 |    57 |    81 |    13 ||   167
